 Dungeon Crawl Stone Soup version 0.31-a0-848-gaac375c (webtiles) character file.

Game seed: 13126887276535002024

103704 PublicAnimeNo1 the Unseen (level 15, -2/66 (73) HPs)
             Began as a Spriggan Enchanter on Oct 3, 2023.
             Was the Champion of Kikubaaqudgha.
             Slain by a nagaraja
             ... wielding a +0 whip
              (20 damage)
             ... on level 2 of the Snake Pit on Oct 4, 2023.
             The game lasted 01:31:16 (31506 turns).

PublicAnimeNo1 the Unseen (Spriggan Enchanter)     Turns: 31506, Time: 01:31:17

HP:   -2/66 (73)    AC:  9    Str: 14    XL:     15   Next: 89%
MP:   25/29         EV: 21    Int: 23    God:    Kikubaaqudgha [******]
Gold: 1115          SH:  0    Dex: 21    Spells: 1/32 levels left

rFire   + . .        F - +9 dagger (pain)
rCold   . . .        (no shield)
rNeg    . . .        H - +3 acid dragon scales
rPois   +            (helmet restricted)
rElec   +            o - scarf {shadows}
rCorr   +            (gloves unavailable)
SInv    +            (boots unavailable)
Will    ++...        v - amulet of faith
Stlth   ++++++++     a - ring of the Villain {+Blink rElec Str+8 Dex+6}
HPRegen 0.31/turn    S - ring of Ceaph {rPois Slay+4 SInv Stlth+}
MPRegen 0.21/turn

%: faith
@: lethally poisoned (-2 -> -9), confusing by touch, constricted, drained, very
quick
A: very small, no large weapons, unfitting armour, see invisible, speed 3, fire
resistance 1, inability to read after injury 1
a: Renounce Religion, Evoke Blink, Unearth Wretches, Torment


You were on level 2 of the Snake Pit.
You worshipped Kikubaaqudgha.
Kikubaaqudgha was exalted by your worship.
You visited 5 branches of the dungeon, and saw 25 of its levels.
You also visited: Ossuary, Bailey and Volcano.

You collected 2305 gold pieces.
You spent 1190 gold pieces at shops.

Inventory:

Hand Weapons
 g - a +3 dagger of electrocution
 F - a +9 dagger of pain (weapon)
 R - a +1 rapier of flaming
Missiles
 h - 3 throwing nets
Armour
 b - a +0 robe
 o - a scarf of shadows (worn)
 z - a +2 robe of fire resistance
 H - +3 acid dragon scales (worn)
 U - a +0 buckler
Jewellery
 a - the ring of the Villain (left hand) {+Blink rElec Str+8 Dex+6}
   (You acquired it on level 3 of the Dungeon)

   [ring of dexterity]

   Str+8:     It affects your strength (+8).
   Dex+6:     It affects your dexterity (+6).
   rElec:     It insulates you from electricity.
   +Blink:    It lets you blink.
 q - a +4 ring of slaying
 v - an amulet of faith (around neck)
 y - an amulet of guardian spirit
 B - a +4 ring of protection
 J - an amulet of reflection
 L - a ring of resist corrosion
 Q - a +6 ring of dexterity
 S - the ring of Ceaph (right hand) {rPois Slay+4 SInv Stlth+}
   (You bought it in a shop on level 2 of the Orcish Mines)

   [ring of slaying]

   Slay+4:    It affects your accuracy & damage with ranged weapons and melee
   (+4).
   rPois:     It protects you from poison SInv: It lets you see invisible.
   Stlth+:    It makes you more stealthy.
 V - the ring "Hueps" {Will+ Str+4}
   (You found it on level 11 of the Dungeon)

   [ring of willpower]

   Str+4:     It affects your strength (+4).
   Will+:     It increases your willpower.
 X - an amulet of regeneration
Wands
 G - a wand of paralysis (13)
 I - a wand of flame (24)
 M - a wand of digging (14)
 N - a wand of polymorph (12)
 P - a wand of iceblast (8)
Scrolls
 e - 4 scrolls of brand weapon
 f - 5 scrolls of vulnerability
 i - 9 scrolls of poison
 j - 14 scrolls of teleportation
 l - 3 scrolls of revelation
 m - 5 scrolls of fear
 n - 6 scrolls of immolation
 t - a scroll of blinking
 x - 4 scrolls of enchant weapon
 D - 2 scrolls of torment
 W - 5 scrolls of identify
 Z - a scroll of enchant armour
Potions
 c - 5 potions of might
 d - 4 potions of brilliance
 k - a potion of berserk rage
 p - 5 potions of curing
 r - 5 potions of mutation
 s - 4 potions of magic
 u - 2 potions of enlightenment
 w - 7 potions of haste
 A - 2 potions of degeneration
 C - 2 potions of attraction
 E - 2 potions of resistance
 T - a potion of invisibility
 Y - 2 potions of lignification


   Skills:
 - Level 6.1 Fighting
 - Level 10.0 Short Blades
 - Level 10.2 Dodging
 - Level 19.4 Stealth
 - Level 4.0 Shields
 - Level 2.3 Unarmed Combat
 + Level 9.4 Spellcasting
 - Level 15.3 Hexes
 * Level 13.2 Necromancy
 - Level 4.0 Translocations
 - Level 4.0 Ice Magic
 - Level 6.0 Evocations


You had one spell level left.
You knew the following spells:

 Your Spells              Type           Power      Damage    Failure   Level
a - Ensorcelled Hibernat  Hex/Ice        100%       N/A       1%          2
b - Confusing Touch       Hex            69%        N/A       1%          3
c - Tukima's Dance        Hex            69%        N/A       1%          3
d - Dazzling Flash        Conj/Hex       92%        N/A       1%          3
e - Blink                 Tloc           58%        N/A       2%          2
f - Necrotise             Necr           100%       1d9       1%          1
g - Dispel Undead         Necr           64%        3d22      1%          4
h - Death Channel         Necr           32%        N/A       6%          6
i - Borgnjor's Vile Clut  Necr/Erth      20%        N/A       16%         5
j - Cigotuvi's Dreadful   Necr/Pois/Air  62%        N/A       2%          2

Your spell library contained the following spells:

 Spells                   Type           Power      Damage    Failure   Level
 Apportation              Tloc           58%        N/A       1%          1
 Foxfire                  Conj/Fire      40%        2x1d6     9%          1
 Magic Dart               Conj           40%        1d5       9%          1
 Jinxbite                 Hex            100%       N/A       1%          2
 Sublimation of Blood     Necr           64%        N/A       1%          2
 Vampiric Draining        Necr           64%        2d10      1%          3
 Agony                    Necr           64%        N/A       1%          5
 Lesser Beckoning         Tloc           58%        N/A       2%          2
 Leda's Liquefaction      Hex/Erth       23%        N/A       3%          4
 Ozocubu's Armour         Ice            29%        N/A       4%          3
 Momentum Strike          Conj/Tloc      40%        3d9       6%          2
 Call Imp                 Summ           20%        N/A       13%         2
 Manifold Assault         Tloc           29%        N/A       17%         4
 Ignite Poison            Fire/Tmut/Pois 10%        N/A       26%         3
 Mephitic Cloud           Conj/Pois/Air  10%        N/A       26%         3
 Simulacrum               Ice/Necr       25%        N/A       36%         6
 Freezing Cloud           Conj/Ice/Air   8%         6-21      80%         5
 Alistair's Intoxication  Tmut/Pois      6%         N/A       94%         5
 Lee's Rapid Deconstruct  Erth           5%         3d6*      94%         5
 Dispersal                Tloc           14%        N/A       95%         6
 Bombard                  Conj/Erth      5%         9d2       100%        6
 Eringya's Noxious Bog    Tmut/Pois      5%         4d6       100%        6
 Plasma Beam              Fire/Air       5%         2x1d15    100%        6
 Starburst                Conj/Fire      5%         6d4       100%        6
 Ozocubu's Refrigeration  Ice            14%        4d10      100%        7
 Disjunction              Tloc           14%        N/A       100%        8


Dungeon Overview and Level Annotations

Branches:
Dungeon (15/15)            Temple (1/1) D:5            Lair (5/5) D:9
 Shoals (0/4) Lair:3        Snake (2/4) Lair:3        Slime (0/5) Lair:5
    Orc (2/2) D:9             Elf (0/3) Orc:2        Vaults (0/5) D:14
Ossuary (visited)          Bailey (visited)         Volcano (visited)
 Depths: D:15

Altars:
Ashenzari
Cheibriados
Dithmenos
Elyvilon
Fedhas
Gozag
Hepliaklqana
Kikubaaqudgha
Makhleb
Nemelex Xobeh
Okawaru
Qazlal
Ru
Sif Muna
Trog
Uskayaw
Vehumet
Wu Jian
Xom
Yredelemnul
Zin
The Shining One
Jiyva

Shops:
D:4 =?   D:9 (   Orc:2 =(=?

Annotations:
D:6 3 runed translucent doors, Radamante's ghost, novice MiFi
D:8 exclusion: deep elf pyromancer
D:14 1 exclusion, Rupert


Innate Abilities, Weirdness & Mutations

You are very small and have problems with some larger weapons.
You are too small for most types of armour.
You have supernaturally acute eyesight. (SInv)
You cover ground extremely quickly. (Speed+++)
Your flesh is heat resistant. (rF+)
You occasionally lose the ability to read scrolls when taking damage.


Message History

The anaconda moves out of view.
You hear an angry hiss.
Casting: Ensorcelled Hibernation (safe; 1% risk of failure)
Confirm with . or Enter, or press ? or * to list all spells.
A part of your flesh rots into a cloud of miasma!
You feel drained.
A naga comes into view. It is wielding a +0 battleaxe.
Casting: Cigotuvi's Dreadful Rot (safe; 2% risk of failure)
Confirm with . or Enter, or press ? or * to list all spells.
Your hands begin to glow red.
The nagaraja spits poison at you. The splash of poison misses you.
You hit the nagaraja but do no damage. You hit the nagaraja but do no damage.
The nagaraja gestures wildly while chanting.
The nagaraja seems to speed up.
You barely miss the nagaraja.
There is a stone staircase leading up here.
The anaconda grabs you.
You stop ascending the stairs.
The anaconda closely misses you. The anaconda constricts you.
The nagaraja gestures at you while chanting.
The poison arrow hits you!!
You are poisoned.
You partially resist.
Unknown command.
You escape the anaconda's grasp.
You feel very sick. The anaconda grabs you.
You stop ascending the stairs.
The anaconda closely misses you. The anaconda constricts you.
The nagaraja hits you with a +0 whip.
As you read the scroll of fear, it crumbles to dust.
You assume a fearsome visage.
The naga looks frightened!
The anaconda looks frightened!
The nagaraja resists with some effort.
You feel very sick. The anaconda loses its grip on you.
The nagaraja hits you with a +0 whip! The nagaraja grabs you.
The nagaraja constricts you.
* * * LOW HITPOINT WARNING * * *
The nagaraja hits you with a +0 whip!!
You die...
Kikubaaqudgha rasps: "You have failed me!
Welcome... death!"

#. .# .#
#.#
.#####N..
.......
..N.
##S##
##.☼.##
#..N..#
#8.@.8#
#.....#
##.8.##
#####


You could see a nagaraja (fast), an anaconda (fleeing) and a naga (fleeing).

Vanquished Creatures
  An orc warlord (Orc:2)
  Nessos (D:14)
  2 fire dragons (D:14)
  A great orb of eyes (D:15)
  5 hydras
  7 vault guards (D:14)
  6 centaur warriors
  3 ogre magi (Orc:2)
  Erica (Orc:1)
  3 catoblepae
  A death yak (Lair:5)
  3 two-headed ogres
  3 boulder beetles
  A tengu warrior (D:14)
  A naga warrior (Snake:1)
  Nergalle (Lair:2)
  2 shock serpents (Snake:1)
  Sonja (Lair:4)
  3 skeletal warriors (D:14)
  A wizard (D:14)
  2 harpies (Lair:3)
  3 orc knights (Orc:2)
  A deep elf pyromancer (D:12)
  3 mana vipers (Snake:1)
  A salamander (Snake:1)
  A manticore (D:12)
  12 cyclopes
  8 orc sorcerers (Orc:2)
  18 ugly things
  14 elephants
  A guardian serpent (Snake:1)
  9 black mambas
  3 naga magi (Snake:1)
  5 gargoyles
  A torpor snail (Lair:1)
  10 cane toads
  Psyche (D:9)
  2 kobold demonologists (D:10)
  2 unseen horrors
  A rime drake (shapeshifter) (D:13)
  An efreet (Volcano)
  13 komodo dragons
  5 rime drakes
  3 trolls
  A wind drake (shapeshifter) (D:15)
  A polar bear (Lair:4)
  2 hornets
  21 blink frogs
  6 dream sheep
  Sigmund (D:2)
  A jumping spider (shapeshifter) (D:14)
  A culicivora (shapeshifter) (D:15)
  6 wyverns
  3 shadows
  A vampire (D:12)
  13 slime creatures
  61 yaks
  2 wraiths
  Grum (D:11)
  A fire elemental (Volcano)
  2 steam dragons
  8 basilisks
  4 wargs
  2 acid dragons
  Edmund (D:5)
  3 nagas (Snake:1)
  A hell hound (Lair:5)
  16 water moccasins
  A swamp drake (D:9)
  A sky beast (D:7)
  22 orc warriors
  3 ice beasts
  A black bear (Lair:1)
  29 wolves
  5 ogres
  11 centaurs
  7 boggarts
  A phantom (D:6)
  6 kobold brigands (D:10)
  3 gnoll sergeants
  9 bullfrogs
  3 scorpions
  A necrophage (D:4)
  2 water moccasin zombies (Ossuary)
  3 wights (D:7)
  9 killer bees
  A killer bee (shapeshifter) (D:15)
  4 howler monkeys
  2 electric eels (D:9)
  3 bullfrog zombies
  3 hounds
  2 centaur zombies (Ossuary)
  6 jellies
  11 orc priests
  3 iguanas
  26 orc wizards
  4 sleepcaps
  6 killer bee zombies (Ossuary)
  A hound skeleton (D:4)
  12 mummies (Ossuary)
  Robin (D:3)
  2 howler monkey zombies
  13 adders
  5 gnolls
  A shadow imp (D:6)
  14 white imps
  A worm (D:4)
  A dart slug (D:1)
  67 orcs
  11 endoplasms
  A giant cockroach (D:1)
  4 hobgoblins
  3 jackals (D:5)
  A quokka (D:5)
  5 ball pythons
  7 bats
  15 goblins
  2 goblin skeletons (D:6)
  A goblin zombie (D:6)
  10 kobolds
  2 kobold skeletons (D:6)
  An orc skeleton (D:6)
  2 orc zombies (D:6)
  2 rats
699 creatures vanquished.

Vanquished Creatures (collateral kills)
  A vault guard (D:14)
  3 nagas (Snake:1)
  4 orc warriors (Orc:2)
  3 ogres (Orc:2)
  A centaur (D:15)
  5 orcs (Orc:2)
17 creatures vanquished.

Vanquished Creatures (others)
  10 dancing weapons
  A water elemental (D:15)
  2 slime creatures (D:15)
  2 orc wizards (Orc:2)
  A quokka (D:15)
16 creatures vanquished.

Grand Total: 732 creatures vanquished

Notes
Turn   | Place    | Note
-------+----------+-------------------------------------------
     0 | D:1      | PublicAnimeNo1 the Spriggan Enchanter began the quest for
                  | the Orb.
     0 | D:1      | Reached XP level 1. HP: 9/9 MP: 5/5
    70 | D:1      | Reached XP level 2. HP: 13/13 MP: 6/6
    76 | D:1      | Learned a level 2 spell: Ensorcelled Hibernation
   152 | D:1      | Reached skill level 5 in Stealth
   501 | D:1      | Found a faded altar of an unknown god.
   671 | D:2      | Reached XP level 3. HP: 16/16 MP: 8/8
   929 | D:2      | Noticed Sigmund
   945 | D:2      | Killed Sigmund
   946 | D:2      | Reached skill level 6 in Stealth
   946 | D:2      | Reached skill level 5 in Hexes
   946 | D:2      | Reached XP level 4. HP: 20/21 MP: 6/9
   946 | D:2      | Reached XP level 5. HP: 22/24 MP: 6/10
  1670 | D:3      | Noticed Robin
  1685 | D:3      | Reached skill level 7 in Stealth
  1748 | D:3      | Killed Robin
  1749 | D:3      | Reached XP level 6. HP: 14/28 MP: 8/11
  2099 | D:3      | Found a blossoming altar of Fedhas.
  2099 | D:3      | Found an iron altar of Okawaru.
  2099 | D:3      | Found a radiant altar of Vehumet.
  2172 | D:3      | Identified a scroll of acquirement
  2173 | D:3      | Acquired the ring of the Villain {+Blink rElec Str+8 Dex+6}
  2193 | D:4      | Found Vuyf's Magic Scroll Shoppe.
  2205 | D:4      | Bought a scroll of teleportation for 36 gold pieces
  2225 | D:4      | Found a sand-covered staircase.
  2237 | Ossuary  | Entered an ossuary
  2247 | Ossuary  | Learned a level 3 spell: Confusing Touch
  2390 | Ossuary  | Reached skill level 8 in Stealth
  2401 | Ossuary  | Reached XP level 7. HP: 19/32 MP: 9/12
  2645 | Ossuary  | Reached skill level 9 in Stealth
  3023 | D:4      | Found a burning altar of Makhleb.
  3128 | D:4      | Found a shadowy altar of Dithmenos.
  3154 | D:4      | Found Mavu's Jewellery Shop.
  3465 | D:4      | Found a bloodstained altar of Trog.
  3535 | D:4      | Reached skill level 10 in Stealth
  3640 | D:5      | Entered Level 5 of the Dungeon
  3670 | D:5      | Noticed Edmund
  3680 | D:5      | Reached XP level 8. HP: 33/36 MP: 8/13
  3751 | D:5      | Killed Edmund
  3904 | D:5      | Reached skill level 1 in Unarmed Combat
  3904 | D:5      | Reached skill level 1 in Ice Magic
  4047 | D:5      | Reached skill level 11 in Stealth
  4246 | D:5      | Found a staircase to the Ecumenical Temple.
  4285 | Temple   | Entered the Ecumenical Temple
  4298 | Temple   | Became a worshipper of Kikubaaqudgha
  5038 | D:6      | Found a glowing golden altar of the Shining One.
  5072 | D:6      | Reached XP level 9. HP: 39/39 MP: 11/14
  5324 | D:6      | Found a runed translucent gate.
  5324 | D:6      | Found a runed translucent gate.
  5324 | D:6      | Noticed Radamante's ghost (novice MiFi)
  5326 | D:6      | Found a runed translucent gate.
  5327 | D:6      | Found a basalt altar of Yredelemnul.
  5332 | D:6      | Reached * piety under Kikubaaqudgha
  5332 | D:6      | Received a gift from Kikubaaqudgha
  6066 | D:7      | Identified the +4 sling "Xippaoco" {speed, rN+ Str-3 Dex+7}
  6080 | D:7      | Reached skill level 1 in Fighting
  6080 | D:7      | Reached skill level 12 in Stealth
  6263 | D:7      | Reached skill level 5 in Short Blades
  6757 | D:7      | Identified the +0 pair of gloves of Elitism {Str+6 Stlth-}
  7274 | D:8      | Reached skill level 10 in Hexes
  7319 | D:8      | Reached skill level 13 in Stealth
  7319 | D:8      | Reached XP level 10. HP: 48/48 MP: 13/15
  7353 | D:8      | Found a flagged portal.
  7363 | Bailey   | Entered a bailey
  7611 | D:8      | Noticed a deep elf pyromancer
  8361 | D:9      | Found Kuituunk's Weapon Emporium.
  8364 | D:9      | Found a staircase to the Orcish Mines.
  8366 | D:9      | Reached skill level 1 in Necromancy
  8380 | D:9      | Learned a level 3 spell: Tukima's Dance
  8384 | D:9      | Learned a level 3 spell: Dazzling Flash
  8710 | D:9      | Found a staircase to the Lair.
  8719 | D:9      | Reached ** piety under Kikubaaqudgha
  8849 | Lair:1   | Entered Level 1 of the Lair of Beasts
  9259 | Lair:1   | Noticed a cane toad
  9263 | Lair:1   | Killed a cane toad
  9264 | Lair:1   | Reached skill level 14 in Stealth
  9509 | Lair:1   | Learned a level 2 spell: Blink
  9526 | Lair:1   | Noticed an elephant
  9526 | Lair:1   | Noticed an elephant
  9696 | Lair:1   | Reached skill level 1 in Translocations
  9733 | Lair:1   | Reached XP level 11. HP: 41/53 MP: 1/16
 10419 | Lair:1   | Noticed a boulder beetle
 10784 | Lair:1   | Killed a boulder beetle
 10901 | Lair:2   | Noticed a seven-headed hydra
 10930 | Lair:2   | Learned a level 1 spell: Necrotise
 11039 | Lair:2   | Reached skill level 15 in Stealth
 11088 | Lair:2   | Killed a seven-headed hydra
 11354 | Lair:2   | HP: 2/53 [komodo dragon (3)]
 11590 | Lair:2   | Reached skill level 5 in Necromancy
 11964 | Lair:2   | Reached *** piety under Kikubaaqudgha
 11964 | Lair:2   | Received a gift from Kikubaaqudgha
 12007 | Lair:2   | Noticed Nergalle
 12028 | Lair:2   | Killed Nergalle
 12029 | Lair:2   | Reached skill level 5 in Dodging
 12029 | Lair:2   | Reached skill level 16 in Stealth
 12029 | Lair:2   | Reached XP level 12. HP: 53/58 MP: 13/17
 13340 | Lair:3   | Found a staircase to the Snake Pit.
 13445 | Lair:3   | Reached **** piety under Kikubaaqudgha
 13513 | Lair:3   | Noticed a seven-headed hydra
 13517 | Lair:3   | Killed a seven-headed hydra
 13567 | Lair:3   | Upgraded the game from 0.31-a0-846-gb3bcc0d to
                  | 0.31-a0-848-gaac375c
 13629 | Lair:3   | Reached skill level 10 in Short Blades
 13703 | Lair:3   | Found a staircase to the Shoals.
 14238 | Lair:3   | Reached skill level 17 in Stealth
 14478 | Lair:3   | Identified the +10 plate armour of a volcano {Int+4}
 15074 | Lair:4   | Noticed a catoblepas
 15138 | Lair:4   | Reached skill level 5 in Fighting
 15376 | Lair:4   | Noticed a death yak
 15376 | Lair:4   | Noticed a catoblepas
 15624 | D:9      | Reached ***** piety under Kikubaaqudgha
 15745 | D:9      | Noticed Psyche
 16011 | D:9      | Noticed a two-headed ogre
 16026 | D:9      | Reached skill level 5 in Spellcasting
 16164 | D:9      | Killed a two-headed ogre
 16165 | D:9      | Reached XP level 13. HP: 63/63 MP: 14/21
 16283 | D:9      | Killed Psyche
 16854 | D:10     | Entered Level 10 of the Dungeon
 17394 | D:10     | Found a snail-covered altar of Cheibriados.
 17975 | D:10     | Learned a level 4 spell: Dispel Undead
 18021 | Orc:1    | Entered Level 1 of the Orcish Mines
 18293 | Orc:2    | Entered Level 2 of the Orcish Mines
 18563 | Orc:2    | Gained mutation: You have hidden genetic defects. [potion
                  | of mutation]
 18563 | Orc:2    | Gained mutation: Your muscles are strong. (Str +4, Int/Dex
                  | -1) [potion of mutation]
 18564 | Orc:2    | Lost mutation: You have hidden genetic defects. [potion of
                  | mutation]
 18564 | Orc:2    | Lost mutation: Your muscles are strong. (Str +4, Int/Dex
                  | -1) [potion of mutation]
 18564 | Orc:2    | Gained mutation: You occasionally lose the ability to read
                  | scrolls when taking damage. [potion of mutation]
 18564 | Orc:2    | Gained mutation: Your flesh is heat resistant. (rF+)
                  | [potion of mutation]
 18801 | Orc:2    | Noticed an orc warlord
 19067 | Orc:2    | Found a staircase to the Elven Halls.
 19076 | Orc:2    | Found a dark tunnel.
 19083 | Volcano  | Entered a volcano
 19570 | Orc:2    | Reached skill level 18 in Stealth
 20178 | Orc:2    | Reached ****** piety under Kikubaaqudgha
 20257 | Orc:2    | Found Nuexixt's Antique Weapon Emporium.
 20298 | Orc:2    | Found an ancient bone altar of Kikubaaqudgha.
 20314 | Orc:2    | Identified a +6 dagger of pain (a +4 dagger of chaos
                  | bloodied by Kikubaaqudgha)
 20314 | Orc:2    | Received a gift from Kikubaaqudgha
 20420 | Orc:2    | Found Onua's Magic Scroll Emporium.
 20430 | Orc:2    | Found a radiant altar of Vehumet.
 20478 | Orc:2    | Found Vogyroz's Jewellery Shoppe.
 20515 | Orc:2    | Reached skill level 1 in Evocations
 20684 | Orc:2    | Found Patidunu's Jewellery Shoppe.
 20701 | Orc:2    | Bought the ring of Ceaph {rPois Slay+4 SInv Stlth+} for
                  | 1154 gold pieces
 20970 | Orc:2    | Killed an orc warlord
 21399 | Orc:1    | Reached skill level 10 in Dodging
 21488 | Orc:1    | Noticed Erica
 21497 | Orc:1    | Killed Erica
 22357 | D:10     | Reached XP level 14. HP: 70/70 MP: 18/25
 22525 | D:11     | Noticed Grum
 22543 | D:11     | Killed Grum
 22720 | D:11     | Identified the ring "Hueps" {Will+ Str+4}
 23206 | D:12     | Reached skill level 1 in Shields
 23568 | D:12     | Reached skill level 19 in Stealth
 24352 | D:13     | Reached skill level 5 in Evocations
 25170 | D:14     | Found a gate to the Vaults.
 25534 | D:14     | Identified the +0 plate armour of the Unbroken {Str+6}
 25608 | D:14     | Noticed Rupert
 25677 | D:14     | Found an ancient bone altar of Kikubaaqudgha.
 25714 | D:14     | Noticed Nessos
 25718 | D:14     | Killed Nessos
 25719 | D:14     | Reached skill level 10 in Necromancy
 26750 | Lair:4   | Noticed Sonja
 26755 | Lair:4   | Killed Sonja
 26820 | Lair:4   | You fall into a shaft and drop 1 floor!
 26820 | Lair:5   | Entered Level 5 of the Lair of Beasts
 26830 | Lair:5   | Reached XP level 15. HP: 73/73 MP: 26/26
 26925 | Lair:5   | Found a viscous altar of Jiyva.
 26946 | Lair:5   | Found a staircase to the Slime Pits.
 26991 | Lair:5   | Identified the +3 leather armour "Wiavu" {Fly Str-2 Slay+2}
 27046 | Lair:5   | Reached skill level 15 in Hexes
 27558 | Lair:5   | Learned a level 6 spell: Death Channel
 28773 | D:15     | Entered Level 15 of the Dungeon
 28787 | D:15     | Found a white marble altar of Elyvilon.
 30190 | D:15     | HP: 1/73 [rakshasa/+2 trident of venom (24)]
 30736 | Snake:1  | Entered Level 1 of the Snake Pit
 30993 | Snake:1  | Found an opulent altar of Gozag.
 31490 | Snake:2  | Learned a level 5 spell: Borgnjor's Vile Clutch
 31493 | Snake:2  | Learned a level 2 spell: Cigotuvi's Dreadful Rot
 31495 | Snake:2  | Noticed a nagaraja
 31506 | Snake:2  | Slain by a nagaraja

Illustrated notes

Levels and vault maps discovered:
D:1:      lordsloth_arrival_two_stooges, layout_rooms,
          shapermc_ecumenical_altar_flowoftime
D:2:      layout_loops_ring, uniq_sigmund
D:3:      layout_loops_ring, gammafunk_temple_overflow_claw, uniq_robin
D:4:      layout_cave_pods, general_overflow_altar, lemuel_doored_altar,
          makhleb_blood_cavern_becter, serial_shops, shop, shop, shop,
          enter_ossuary_2, small_statue_intersection
D:5:      layout_loops_ring, minmay_temple_entry_stoned_glass, uniq_edmund
D:6:      layout_loops_corners, nicolae_tso_besieged_by_evil,
          nicolae_yredelemnul_ghost_church
D:7:      layout_layer_cave, minmay_misc_feat_cross
D:8:      layout_cave_pods, enter_bailey_6
D:9:      layout_cave_pools, erik_lair_dragon, david_orc_3, serial_park,
          serial_park_square3 [serial_park_minivault_5x5_7], serial_park_tiny_2,
          serial_park_tiny_pond, serial_park_fountain, serial_shops,
          nicolae_shop_getting_attention, uniq_psyche
D:10:     minmay_clustersquares, layout_loops_ring,
          mainiacjoe_overflow_tiny_flanked, hangedman_ranch
D:11:     layout_basic, minivault_25_ag, kennysheep_generic_room_8, uniq_grum
D:12:     layout_irregular_city, minmay_increasing_density
D:13:     layout_loops_ring
D:14:     layout_roguey, erik_vaults_2, kiku_gazebo_garden_becter,
          nicolae_figureground_sparkle, uniq_rupert, uniq_nessos
D:15:     gammafunk_enter_depths_forms, layout_rooms, elyvilon_altar_4,
          lemuel_freeze_loot_1
Temple:   nicolae_temple_ecumenical_triangle
Lair:1:   layout_loops_ring
Lair:2:   layout_cave_pods, portal_ice_cave_entry_imps, uniq_nergalle
Lair:3:   layout_cave_pods, nicolae_shoals_entry_roost,
          guppyfry_snake_entry_island
Lair:4:   layout_misc_corridors, chequers_serial_rivers_micro_c,
          nicolae_lair_yak_garden, lemuel_fruit_tree, uniq_sonja
Lair:5:   evil_forest, layout_cave_pods, nicolae_slime_entry_field_trip,
          grunt_megastairs_5
Snake:1:  layout_misc_corridors, basic_altar, st_stairs_8
Snake:2:  layout_gridlike, nicolae_snake_salamander_zone, grunt_megastairs_2
Orc:1:    layout_diamond_mine, basic_altar, uniq_erica
Orc:2:    kennysheep_orc_mage_school, layout_diamond_mine, enter_volcano_2,
          sword_in_stone

Skill      XL: |  1  2  3  4  5  6  7  8  9 10 11 12 13 14 15 |
---------------+----------------------------------------------+-----
Hexes          | 4 5 6 8 9 10 11 12 13 14 15 | 15.3
Stealth        | 5 6 7 8 10 11 13 14 16 17 18 19 | 19.4
Short Blades   | 2 3 4 6 7 9 10 | 10.0
Unarmed Combat | 2 |  2.3
Ice Magic      | 2 3 4 |  4.0
Fighting       | 2 4 5 6 |  6.1
Necromancy     | 3 5 6 8 10 13 | 13.2
Translocations | 1 4 |  4.0
Dodging        | 5 8 10 | 10.2
Spellcasting   | 5 6 9 |  9.4
Evocations     | 3 6 |  6.0
Shields        | 3 4 |  4.0

Action                     |  1- 3 |  4- 6 |  7- 9 | 10-12 | 13-15 || total
---------------------------+-------+-------+-------+-------+-------++-------
  Melee: Dagger            |    79 |    94 |   274 |   476 |   965 ||  1888
         Punch             |       |     2 |     5 |    16 |    23 ||    46
   Cast: Ensorcelled Hiber |    10 |     3 |    45 |   125 |   100 ||   283
         Confusing Touch   |       |     4 |    20 |    28 |    40 ||    92
         Necrotise         |       |       |       |    18 |     5 ||    23
         Dazzling Flash    |       |       |       |    19 |    73 ||    92
         Tukima's Dance    |       |       |       |       |    42 ||    42
         Dispel Undead     |       |       |       |       |    10 ||    10
         Blink             |       |       |       |       |     1 ||     1
         Death Channel     |       |       |       |       |     5 ||     5
         Cigotuvi's Dreadf |       |       |       |       |     1 ||     1
 Invoke: Brand Weapon With |       |       |       |       |     1 ||     1
         Unearth Wretches  |       |       |       |       |     1 ||     1
  Evoke: Wand              |       |       |       |       |    11 ||    11
    Use: Potion            |     1 |     1 |     1 |     4 |     7 ||    14
         Scroll            |       |    11 |    13 |     5 |    15 ||    44
   Stab: Invisible         |     2 |     5 |       |    19 |    61 ||    87
         Sleeping          |    13 |     7 |    42 |    80 |   150 ||   292
         Confused          |       |     3 |    13 |    27 |    34 ||    77
         Distracted        |       |     1 |     1 |     1 |    10 ||    13
 Armour: Robe              |    12 |    20 |    74 |   148 |    10 ||   264
         Skin              |       |       |       |    11 |       ||    11
         Acid dragon scale |       |       |       |       |   234 ||   234
  Dodge: Dodged            |    49 |    53 |   133 |   285 |   508 ||  1028

Table legend: (Time is in decaauts)
 A = Elapsed time spent in this place.
 B = Non-inter-level travel time spent in this place.
 C = Inter-level travel time spent in this place.
 D = Time resting spent in this place.
 E = Time spent auto-exploring this place.
 F = Levels seen in this place.
 G = Mean time per level.
                   A        B        C        D        E       F      G
               +--------+--------+--------+--------+--------+-----+--------+
         Total |  23702 |  22362 |   1340 |   8136 |   8751 |  28 |  846.5 |
       Dungeon |  12752 |  11976 |    776 |   3581 |   5894 |  15 |  850.1 |
        Temple |     17 |     10 |      7 |      0 |      0 |   1 |   17.0 |
          Lair |   6973 |   6555 |    418 |   3000 |   2055 |   5 | 1394.6 |
     Snake Pit |    573 |    559 |     14 |    172 |    260 |   2 |  286.5 |
  Orcish Mines |   2481 |   2357 |    124 |    966 |    539 |   2 | 1240.5 |
       Ossuary |    630 |    630 |      0 |    350 |      3 |   1 |  630.0 |
        Bailey |     20 |     20 |      0 |      0 |      0 |   1 |   20.0 |
       Volcano |    254 |    254 |      0 |     65 |      0 |   1 |  254.0 |
               +--------+--------+--------+--------+--------+-----+--------+

Top non-repeatable levels by time:
   Orc:2: 2079 daAuts
  Lair:2: 2050 daAuts
  Lair:1: 2019 daAuts
     D:9: 1624 daAuts
    D:14: 1468 daAuts
    D:10: 1371 daAuts
  Lair:3: 1298 daAuts
     D:7: 1113 daAuts
    D:15: 1027 daAuts
  Lair:5: 999 daAuts
     D:8: 886 daAuts
     D:6: 772 daAuts
    D:12: 692 daAuts
    D:13: 690 daAuts
 Ossuary: 630 daAuts
